 Dungeon Crawl Stone Soup version 0.19-a0-172-g3b1235c (webtiles) character file.

28 Kidiri the Firebug (level 3, 0/21 HPs)
             Began as a High Elf Fire Elementalist on May 22, 2016.
             Slain by an adder (4 damage)
             ... on level 2 of the Dungeon.
             The game lasted 00:03:27 (1281 turns).

Kidiri the Firebug (High Elf Fire Elementalist)     Turns: 1281, Time: 00:03:29

Health: 0/21       AC:  2    Str: 10    XL:     3   Next: 0%
Magic:  8/8        EV: 13    Int: 19    God:
Gold:   54         SH:  0    Dex: 16    Spells: 3 memorised, 2 levels left

rFire  . . .     SeeInvis .     f - +0 short sword
rCold  . . .     Gourm    .     a - +0 robe
rNeg   . . .     Faith    .     (no shield)
rPois  .         Spirit   .     (no helmet)
rElec  .         Dismiss  .     (no cloak)
rCorr  .         Reflect  .     (no gloves)
SustAt .         Harm     .     (no boots)
MR     .....                    (no amulet)
Stlth  +.........               (no ring)
                                m - +3 ring of strength

@: confused, not resistant to hostile enchantments, very unstealthy
A: no striking features
a: no special abilities


You were on level 2 of the Dungeon.
You were hungry.

You visited 1 branch of the dungeon, and saw 2 of its levels.

You collected 54 gold pieces.

Inventory:

Hand Weapons
 f - a +0 short sword (weapon)
Armour
 a - a +0 robe (worn)
Jewellery
 m - a +3 ring of strength (left hand)
Scrolls
 i - a scroll of identify {unknown}
 j - a scroll of magic mapping {unknown}
 k - a scroll of teleportation {unknown}
 l - a scroll of remove curse {unknown}
Potions
 e - a potion of agility {unknown}
Books
 b - a book of Flames

   Spells                             Type                      Level
   a - Flame Tongue                   Conjuration/Fire             1
   b - Throw Flame                    Conjuration/Fire             2
   c - Conjure Flame                  Conjuration/Fire             3
   d - Inner Flame                    Hexes/Fire                   3
   e - Sticky Flame                   Conjuration/Fire             4
   f - Fireball                       Conjuration/Fire             5
Comestibles
 c - a bread ration
 g - a meat ration


   Skills:
 + Level 0.2 Fighting
 + Level 2.6 Dodging
 * Level 2.5 Stealth
 * Level 3.1 Spellcasting
 + Level 1.4 Conjurations
 + Level 0.0 Hexes
 + Level 3.1 Fire Magic


You had 2 spell levels left.
You knew the following spells:

 Your Spells              Type           Power        Failure   Level  Hunger
a - Flame Tongue          Conj/Fire      ##...        8%          1    None
b - Throw Flame           Conj/Fire      ##....       10%         2    ##.....
d - Inner Flame           Hex/Fire       #.......     28%         3    ###....


Dungeon Overview and Level Annotations

Branches:
Dungeon (2/15)

Altars:


Message History

You hit the giant gecko but do no damage.
The hobgoblin closely misses you. The giant gecko bites you.
The quokka misses you. The adder barely misses you. The goblin misses you.
The giant gecko bites you.
Unknown command.
The quokka bites you. The giant gecko bites you.
* * * LOW HITPOINT WARNING * * *
The quokka bites you.
* * * LOW HITPOINT WARNING * * *
The hobgoblin hits you but does no damage.
Unknown command.
Drink which item? (? for menu, Esc to quit)
It was a potion of ambrosia.
You are confused.
You feel invigorated. The adder closely misses you. The giant gecko bites you.
* * * LOW HITPOINT WARNING * * *
The quokka bites you.
* * * LOW HITPOINT WARNING * * *
The adder bites you.
You die...

.....(.(...%......
#..#.....##.......
##.#..?.?....?....
.....##g.#.......
>#.#.#...(.........
........g..........
#.#=#.rg..#.......
.......rgSK##..##
.#.#.#.l@#.# #.#
......r##..# .#
#.#.#<.# #.# #
.....)... ..
.#....... .#.
#.#...#. # #...
..#.


You could see an adder, a giant gecko, a quokka, 3 hobgoblins, a goblin, a
kobold and 2 rats.

Vanquished Creatures
  An ooze (D:1)
  A giant gecko (D:1)
  2 bats (D:1)
  5 goblins (D:1)
  2 hobgoblins (D:1)
  3 jackals (D:1)
  4 kobolds (D:1)
  2 rats (D:1)
20 creatures vanquished.

Notes
Turn   | Place    | Note
--------------------------------------------------------------
     0 | D:1      | Kidiri the High Elf Fire Elementalist began the quest for the Orb.
     0 | D:1      | Reached XP level 1. HP: 11/11 MP: 4/4
     0 | D:1      | Noticed a green draconian
     3 | D:1      | Noticed an iron dragon
     3 | D:1      | Noticed a shadow dragon
     5 | D:1      | Noticed an ice dragon
    10 | D:1      | Noticed a tentacled monstrosity
    12 | D:1      | Noticed a tentacled monstrosity
    13 | D:1      | Noticed an iron dragon
    15 | D:1      | Noticed a shadow dragon
    15 | D:1      | Noticed an orb of fire
    17 | D:1      | Noticed a large abomination
    17 | D:1      | Noticed a white draconian
    17 | D:1      | Noticed an iron dragon
    19 | D:1      | Noticed an ice dragon
    19 | D:1      | Noticed an iron dragon
   143 | D:1      | Reached XP level 2. HP: 6/17 MP: 0/6
   159 | D:1      | Learned a level 2 spell: Throw Flame
  1197 | D:1      | Reached XP level 3. HP: 21/21 MP: 2/8
  1202 | D:1      | Learned a level 3 spell: Inner Flame
  1268 | D:1      | You fall through a shaft!
  1281 | D:2      | Slain by an adder

Vault maps used:
D:1:      shiori_arrival_whats_in_store_for_you, grunt_decor_clamped,
          minivault_27
D:2:      zin_purify, lemuel_round_altar, marbit_many_paths, first_bread,
          st_stairs_8

Skill      XL: |  1  2 |
---------------+-------+-----
Spellcasting   | 3 |  3.1
Fighting       | |  0.2
Dodging        | |  2.6
Stealth        | |  2.5
Conjurations   | |  1.4
Fire Magic     | |  3.1

Action                   || total
-------------------------++-------
Melee: Club              ||    16
       Short sword       ||     4
 Cast: Flame Tongue      ||    22
       Throw Flame       ||     9
  Use: Potion            ||     1
  Eat: Chunk             ||     1
Armor: Robe              ||     7
Dodge: Dodged            ||    48
